 Dungeon Crawl Stone Soup version 0.27-a0-941-g386ccf399c (webtiles) character file.

Game seed: 18154582184121698591

177 Gildeon the Poker (level 5, -8/36 HPs)
             Began as an Octopode Fighter on Apr 11, 2021.
             Splashed by a jelly's acid (10 damage)
             ... on level 4 of the Dungeon.
             The game lasted 00:06:58 (2491 turns).

Gildeon the Poker (Octopode Fighter)                Turns: 2491, Time: 00:06:58

Health: -8/36      AC: -3    Str: 15    XL:     5   Next: 57%
Magic:  5/5        EV: 12    Int: 10    God:
Gold:   116        SH:  8    Dex: 13    Spells: 4/4 levels left

rFire    . . .     SeeInvis .   a - +0 trident
rCold    . . .     Faith    .   b - +0 kite shield
rNeg     . . .     Spirit   .   (helmet restricted)
rPois    .         Reflect  .   n - amulet of regeneration
rElec    .         Harm     .   i - ring of willpower
rCorr    .         Rampage  .   r - ring of flight
Will     +....                  (no ring)
Stlth    +++.......             (no ring)
HPRegen  1.12/turn              (no ring)
MPRegen  0.09/turn              (no ring)
                                (no ring)
                                (no ring)

@: corroded, attractive, flying
A: almost no armour, amphibious, 8 rings, camouflage 1, gelatinous body 1,
(nimble swimmer 1), tentacles
a: no special abilities


You were on level 4 of the Dungeon.
You visited 1 branch of the dungeon, and saw 4 of its levels.

You collected 116 gold pieces.

Inventory:

Hand Weapons
 a - a +0 trident (weapon)
Missiles
 g - 8 poisoned darts (quivered)
Armour
 b - a +0 kite shield (worn)
Magical Staves
 o - a staff of earth
Jewellery
 i - a ring of willpower (left tentacle)
 n - an amulet of regeneration (around mantle)
 q - an amulet of magic regeneration
 r - a ring of flight (right tentacle)
 s - a ring of positive energy
Scrolls
 d - a scroll of fear {unknown}
 e - a scroll of amnesia {unknown}
 k - a scroll of noise {unknown}
 m - a scroll of identify {unknown}
 p - a scroll of teleportation {unknown}
Potions
 c - a potion of might
 f - a potion of lignification {unknown}
 h - 2 potions of invisibility {unknown}
 l - 2 potions of degeneration {unknown}


   Skills:
 - Level 3.0 Fighting
 * Level 4.1 Polearms
 + Level 3.9 Dodging
 + Level 3.4 Stealth
 - Level 3.0 Shields


You had 4 spell levels left.
You didn't know any spells.
Your spell library was empty.

Dungeon Overview and Level Annotations

Branches:
Dungeon (4/15)
 Temple: D:4-7

Altars:


Innate Abilities, Weirdness & Mutations

You cannot wear most types of armour.
You are amphibious.
You can wear up to eight rings at the same time.
Your skin changes colour to match your surroundings (Stealth+).
Your rubbery body absorbs attacks. (AC +1, EV +1)
((You are camouflaged near water. (Stealth+)))
You have tentacles for arms and can constrict up to eight enemies at once.


Message History

The endoplasm freezes you.
You are frozen.
The hound bites you.
A jelly comes into view.
You hit the hound.
You kill the hound!
The endoplasm hits you. The hound bites you but does no damage.
The endoplasm barely misses you.
Your Polearms skill increases to level 4!
You have reached level 5!
You feel agile.
You hit the endoplasm. You squeeze the endoplasm.
The endoplasm is almost dead.
The hound bites you. The hound closely misses you.
You block the endoplasm's attack.
You hit the endoplasm.
You kill the endoplasm!
The hound bites you. x2
You hit the hound. You grab the hound. You squeeze the hound.
The hound is severely wounded.
You constrict the hound. The hound barely misses you.
You block the hound's attack.
You hit the hound.
You kill the hound!
You barely miss the orc. You grab the orc. You squeeze the orc.
The orc is almost dead.
You constrict the orc.
You kill the orc!
You barely miss the jelly. The jelly hits you.
You are splashed with acid!
The ogre shouts!
You puncture the jelly!
Your tentacles burn!
The jelly is heavily wounded.
The jelly hits you.
You are splashed with acid!
* * * LOW HITPOINT WARNING * * *
Unknown command.
It was a potion of attraction.
You feel attractive to monsters. The jelly hits you.
* * * LOW HITPOINT WARNING * * *
The acid corrodes you!
You are splashed with acid!
You die... .# ... # ## #..# .# #. ## ##..# #.. ## #.. .# ###...##.# ..# #..# .# #.>.#...# #.. #... .## ##....[..##.# ...# ..###.....##...# #gJ

#.#.#.#.....#..##J#
.............#..@#
##'##.#..........#
#...#....###.....#
'...+.#..##......#
#...#....###.........
##'##.#...#.O>.......
......................
#.#.#.##.#..........#.
## #.#..##
#....?.#....# .##


You could see an ogre, a jelly, an endoplasm and a hobgoblin.

Vanquished Creatures
  2 hounds (D:4)
  A centaur skeleton (D:4)
  A hound skeleton (D:4)
  An adder skeleton (D:4)
  2 worms
  A dart slug (D:2)
  5 orcs
  8 endoplasms
  4 giant cockroaches (D:1)
  A goblin (D:2)
  6 hobgoblins
  5 kobolds
  7 ball pythons
  4 bats
  2 frilled lizards
  9 rats
59 creatures vanquished.

Notes
Turn   | Place    | Note
-------+----------+-------------------------------------------
     0 | D:1      | Gildeon the Octopode Fighter began the quest for the Orb.
     0 | D:1      | Reached XP level 1. HP: 16/16 MP: 1/1
   102 | D:1      | Reached skill level 1 in Stealth
   102 | D:1      | Reached XP level 2. HP: 20/21 MP: 2/2
   701 | D:1      | Reached XP level 3. HP: 23/26 MP: 3/3
  1242 | D:2      | Reached skill level 3 in Polearms
  1358 | D:2      | Found a faded altar of an unknown god.
  1901 | D:3      | Reached XP level 4. HP: 29/31 MP: 4/4
  2470 | D:4      | Noticed an ogre
  2484 | D:4      | Reached skill level 4 in Polearms
  2484 | D:4      | Reached XP level 5. HP: 28/36 MP: 5/5
  2491 | D:4      | Splashed by a jelly's acid

Illustrated notes

Levels and vault maps discovered:
D:1:      roderic_octagonal_star, layout_loops_ring
D:2:      layout_rooms, hellmonk_ecumenical_altar_run_dry
D:3:      layout_basic, chequers_serial_rivers_small_a, roderic_filled_cross
D:4:      layout_cave_pools, minmay_misc_feat_doors, minmay_vboxes

Skill      XL: |  1  2  3  4 |
---------------+-------------+-----
Stealth        | 1 2 3 |  3.4
Polearms       | 3 4 |  4.1
Fighting       | |  3.0
Dodging        | |  3.9
Shields        | |  3.0

Action                   |  1- 3 |  4- 6 || total
-------------------------+-------+-------++-------
Melee: Trident           |    83 |    29 ||   112
       Constrict         |    16 |     7 ||    23
       Tentacles         |     9 |     7 ||    16
Throw: Dart              |     5 |     2 ||     7
  Use: Potion            |       |     1 ||     1
 Stab: Sleeping          |    13 |     1 ||    14
       Distracted        |     1 |       ||     1
Armor: Skin              |    10 |     3 ||    13
Dodge: Dodged            |    24 |    14 ||    38
Block: Kite shield       |    23 |    15 ||    38

Table legend: (Time is in decaauts)
 A = Elapsed time spent in this place.
 B = Non-inter-level travel time spent in this place.
 C = Inter-level travel time spent in this place.
 D = Time resting spent in this place.
 E = Time spent auto-exploring this place.
 F = Levels seen in this place.
 G = Mean time per level.
                   A        B        C        D        E       F      G
               +--------+--------+--------+--------+--------+-----+--------+
         Total |   2536 |   2443 |     93 |      0 |   1875 |   4 |  634.0 |
       Dungeon |   2536 |   2443 |     93 |      0 |   1875 |   4 |  634.0 |
               +--------+--------+--------+--------+--------+-----+--------+

Top non-repeatable levels by time:
     D:1: 1055 daAuts
     D:3: 858 daAuts
     D:2: 516 daAuts
     D:4: 106 daAuts
